 Dungeon Crawl Stone Soup version 0.21-a0-241-g2cbab09 (webtiles) character file.

808 Gorice the Quickloader (level 7, 0/48 HPs)
             Began as a Gnoll Arcane Marksman on Sept 3, 2017.
             Hit by a stone thrown by an orc warrior (17 damage)
             ... on level 5 of the Dungeon.
             The game lasted 00:42:03 (5692 turns).

Gorice the Quickloader (Gnoll Arcane Marksman)      Turns: 5692, Time: 00:42:03

Health: 0/48       AC:  3    Str:  7    XL:     7   Next: 92%
Magic:  5/9        EV: 15    Int:  7    God:
Gold:   270        SH:  0    Dex:  7    Spells: 6/9 levels left

rFire    . . .     SeeInvis .   a - +1 hand crossbow
rCold    + . .     Gourm    .   (no shield)
rNeg     . . .     Faith    .   e - +0 robe
rPois    .         Spirit   .   (no helmet)
rElec    .         Reflect  .   (no cloak)
rCorr    .         Harm     .   (no gloves)
MR       .....                  p - +0 pair of boots (curse)
Stlth    +.........             (no amulet)
HPRegen  0.16/turn              l - ring of protection from cold
MPRegen  0.11/turn              t - +3 ring of evasion

@: no status effects
A: unchanging attributes, fangs 1, strong nose
a: no special abilities


You were on level 5 of the Dungeon.
You were not hungry.

You visited 1 branch of the dungeon, and saw 5 of its levels.
You also visited: Sewer.

You collected 375 gold pieces.
You spent 105 gold pieces at shops.

Inventory:

Hand Weapons
 a - a +1 hand crossbow (weapon)
 b - a +0 flail
Missiles
 d - 36 bolts (quivered)
Armour
 e - a +0 robe (worn)
 m - a +0 chain mail
 n - a +0 ring mail
 o - a +0 scale mail
 p - a cursed +0 pair of boots (worn)
Jewellery
 l - a ring of protection from cold (left hand)
 t - a +3 ring of evasion (right hand)
Wands
 w - a wand of digging (9/24)
 y - a wand of flame (27/48)
 A - a wand of acid (11/15)
 C - a wand of random effects (14/48)
 G - a wand of confusion (12/48)
 H - a wand of scattershot (2/9)
Scrolls
 g - a scroll of enchant weapon
 j - a scroll of blinking
 s - 2 scrolls of immolation {unknown}
 D - 2 scrolls of teleportation {!r}
 E - 3 scrolls of fear {!r}
 F - a scroll of identify
 J - a scroll of magic mapping {!r}
Potions
 h - 2 potions of resistance {!q}
 k - 3 potions of lignification {!q}
 q - a potion of mutation {unknown}
 r - a potion of heal wounds {!q}
 v - a potion of invisibility {!q}
 x - 4 potions of flight
 z - a potion of cancellation {unknown}
 B - 4 potions of curing
 I - 2 potions of berserk rage
Books
 c - a book of Debilitation
Comestibles
 f - 3 bread rations {!e}
 i - a royal jelly
 u - 4 fruits
 K - 3 chunks of flesh


   Skills:
 - Level 1.3 Fighting
 * Level 9.8 Crossbows
 - Level 2.6 Dodging
 - Level 1.5 Spellcasting
 + Level 7.2 Hexes


You had 6 spell levels left.
You knew the following spells:

 Your Spells              Type           Power        Failure   Level  Hunger
a - Corona                Hex            ##.....      1%          1    ##.....
b - Slow                  Hex            ##......     3%          2    ###....


Dungeon Overview and Level Annotations

Branches:
Dungeon (5/15)
 Temple: D:4-7

Altars:
Cheibriados
Ru
Xom

Shops:
D:5 :!:*


Innate Abilities, Weirdness & Mutations

Your physical attributes are unchanging.
You have very sharp teeth.
Your uncanny sense of smell can sniff out nearby items.


Message History

Firing (i - inventory):
d - 41 bolts (quivered)
Press: ? - help, Shift-Dir - straight line, f/p - orc warrior
Aim: an orc warrior, wielding a dire flail and wearing a plate armour (severely wounded, confused)
You shoot a bolt.
The bolt hits the orc warrior but does no damage.
The orc warrior is severely wounded.
Firing (i - inventory):
d - 40 bolts (quivered)
Press: ? - help, Shift-Dir - straight line, f/p - orc warrior
Aim: an orc warrior, wielding a dire flail and wearing a plate armour (severely wounded, confused)
You shoot a bolt. The bolt barely misses the orc warrior.
Firing (i - inventory):
d - 39 bolts (quivered)
Press: ? - help, Shift-Dir - straight line, f/p - orc warrior
Aim: an orc warrior, wielding a dire flail and wearing a plate armour (severely wounded, confused)
You shoot a bolt. The bolt hits the orc warrior.
The orc warrior is almost dead.
The orc warrior seems less confused.
The orc warrior throws a stone.
The stone closely misses you.
Firing (i - inventory):
d - 38 bolts (quivered)
Press: ? - help, Shift-Dir - straight line, f/p - orc warrior
Aim: an orc warrior, wielding a dire flail and wearing a plate armour (almost dead)
You shoot a bolt.
The bolt hits the orc warrior but does no damage.
The orc warrior is almost dead.
The orc warrior throws a stone.
The stone hits you but does no damage.
Firing (i - inventory):
d - 37 bolts (quivered)
Press: ? - help, Shift-Dir - straight line, f/p - orc warrior
Aim: an orc warrior, wielding a dire flail and wearing a plate armour (almost dead)
You shoot a bolt.
The bolt hits the orc warrior but does no damage.
The orc warrior is almost dead.
The orc warrior throws a stone.
The stone hits you.
* * * LOW HITPOINT WARNING * * *
Damage: 6 (max 6) Evoke which item? (* to show all) (? for menu, Esc to quit)
Aiming: Random Effects (will waste charges)
Press: ? - help, Shift-Dir - straight line, f/p - orc warrior
Aim: an orc warrior, wielding a dire flail and wearing a plate armour (almost dead)
The puff of frost hits the orc warrior.
The orc warrior appears unharmed.
The orc warrior is almost dead.
Evoking this partially-identified wand wasted a few charges.
The orc warrior throws a stone.
The stone closely misses you.
Evoke which item? (* to show all) (? for menu, Esc to quit)
Aiming: Throw Flame (will waste charges)
Press: ? - help, Shift-Dir - straight line, f/p - orc warrior
Aim: an orc warrior, wielding a dire flail and wearing a plate armour (almost dead)
The puff of flame hits the orc warrior.
The orc warrior appears unharmed.
The orc warrior is almost dead.
Evoking this partially-identified wand wasted a few charges.
The orc warrior throws a stone.
The stone hits you!
You die...

........###.#.#####
###.#######............
(.... #.####..#####
(... ###...)...####≈ ∆
#(8. #.##.####...##P♣
#(8o .. #.## #...≈≈♣≈
#.#((( .###..# ##..♣≈P≈
#.((.#.##)).# #......
#@##.#..# #......
#.#(.##..#####...♣≈
#######..(.))(...♣≈
......########.#≈
..#...# #.## #.#.# #.##
...#.# #.## #..##)# #.#
#.. #. #.#


You could see an orc warrior.

Vanquished Creatures
  An ogre (D:4)
  3 howler monkeys (D:4)
  A bullfrog zombie (D:5)
  A crimson imp (D:5)
  2 hounds
  An orc priest (D:5)
  A jelly (D:4)
  Jessica (D:2)
  Terence (D:2)
  A merfolk siren (Sewer)
  A worker ant (D:5)
  A merfolk avatar (Sewer)
  A howler monkey zombie (D:5)
  3 river rats (Sewer)
  8 adders
  An ooze (D:3)
  An adder skeleton (D:4)
  An adder zombie (D:5)
  9 worms
  4 dart slugs
  A leopard gecko (Sewer)
  13 orcs
  5 bats
  5 giant cockroaches
  5 goblins
  17 hobgoblins
  17 jackals
  2 quokkas
  4 ball pythons
  8 frilled lizards
  4 kobolds
  35 rats
159 creatures vanquished.

Notes
Turn   | Place    | Note
-------+----------+-------------------------------------------
     0 | D:1      | Gorice the Gnoll Arcane Marksman began the quest for the Orb.
     0 | D:1      | Reached XP level 1. HP: 15/15 MP: 3/3
    80 | D:1      | Reached skill level 3 in Crossbows
    91 | D:1      | Reached XP level 2. HP: 15/21 MP: 0/4
   198 | D:1      | Reached skill level 4 in Crossbows
   395 | D:1      | Reached XP level 3. HP: 26/26 MP: 3/5
   771 | D:2      | Noticed Jessica
   787 | D:2      | Killed Jessica
   787 | D:2      | Reached skill level 5 in Crossbows
   787 | D:2      | Reached XP level 4. HP: 27/32 MP: 4/6
  1135 | D:2      | Noticed Terence
  1142 | D:2      | Killed Terence
  1142 | D:2      | Reached skill level 6 in Crossbows
  1142 | D:2      | Reached skill level 5 in Hexes
  1142 | D:2      | Reached XP level 5. HP: 37/37 MP: 3/7
  1624 | D:2      | Learned a level 2 spell: Slow
  1691 | D:3      | Found a sacrificial altar of Ru.
  2222 | D:3      | Found a shimmering altar of Xom.
  2466 | D:4      | Reached skill level 7 in Crossbows
  2466 | D:4      | Reached XP level 6. HP: 43/43 MP: 6/8
  2612 | D:4      | Found a glowing drain.
  2672 | Sewer    | Entered a sewer
  3000 | Sewer    | HP: 11/43 [river rat (8)]
  3380 | Sewer    | Reached skill level 8 in Crossbows
  3395 | Sewer    | Reached skill level 6 in Hexes
  3399 | Sewer    | HP: 12/43 [poisoned by an adder]
  4256 | D:4      | Reached XP level 7. HP: 34/48 MP: 6/9
  4622 | D:4      | Reached skill level 9 in Crossbows
  4644 | D:5      | Entered Level 5 of the Dungeon
  4644 | D:5      | Found Neptodur's Distillery.
  4810 | D:5      | Found Qiry Yta's Book Shoppe.
  4863 | D:5      | HP: 12/48 [worker ant (5)]
  4977 | D:5      | Found Gyen's General Store.
  4982 | D:5      | Bought a scroll of blinking for 105 gold pieces
  5091 | D:5      | Reached skill level 7 in Hexes
  5304 | D:5      | Found Utir Buf's Book Shop.
  5398 | D:5      | Found a snail-covered altar of Cheibriados.
  5692 | D:5      | Hit by a stone thrown by an orc warrior

Vault maps used:
D:1:      dpeg_arrival_concentric_ovals
D:2:      kennysheep_jessica_study, uniq_terence
D:3:      kennysheep_six_static_rooms, lemuel_round_altar, first_bread,
          hangedman_ru_absence
D:4:      portal_sewer_entry_e
D:5:      cheibrodos_worm_habitat, serial_bayou, serial_bayou_pond_e,
          serial_bayou_shore_b, serial_bayou_ford_a, serial_bayou_pond_c,
          serial_shops, kennysheep_little_box, nicolae_shop_stone, shop, shop,
          shop, grunt_ministairs_15, st_stairs_13, guppyfry_early_orc_mine,
          uniq_crazy_yiuf_cottage
Sewer:    sewer_sea

Skill      XL: |  1  2  3  4  5  6  7 |
---------------+----------------------+-----
Crossbows      | 3 4 5 6 7 8 9 |  9.8
Hexes          | 5 6 7 |  7.2
Fighting       | |  1.3
Dodging        | |  2.6
Spellcasting   | |  1.5

Action                   |  1- 3 |  4- 6 |  7- 9 || total
-------------------------+-------+-------+-------++-------
Melee: Flail             |       |    80 |    38 ||   118
       Bite              |       |     1 |     2 ||     3
 Fire: Hand crossbow     |    88 |   229 |    93 ||   410
 Cast: Corona            |    28 |   114 |    38 ||   180
       Slow              |       |     2 |    13 ||    15
Evoke: Wand              |       |       |     3 ||     3
  Use: Scroll            |     2 |    10 |     1 ||    13
       Potion            |       |     2 |     1 ||     3
  Eat: Chunk             |     1 |    15 |     6 ||    22
       Royal jelly       |       |       |     1 ||     1
Armor: Robe              |     8 |    38 |    13 ||    59
       Skin              |       |     3 |       ||     3
Dodge: Dodged            |    53 |   193 |    81 ||   327

Table legend:
 A = Spawn XP
 B = Non-spawn XP
 C = Spawn XP percentage of total XP
 D = Spawn monster count
 E = Non-spawn monster count
 F = Spawn count percentage of total count
 G = Total turns spent on level
                    A         B        C        D         E        F      G
               +---------+---------+-------+---------+---------+-------+---------
         Total |     103 |    1052 |   8.9 |      15 |     144 |   9.4 |  5692
               +---------+---------+-------+---------+---------+-------+---------
           D:1 |       6 |      47 |  11.3 |       4 |      24 |  14.3 |   724
           D:2 |      29 |     122 |  19.2 |       9 |      21 |  30.0 |   902
           D:3 |       0 |      65 |   0.0 |       0 |      20 |   0.0 |   780
           D:4 |      54 |     369 |  12.8 |       1 |      26 |   3.7 |  1578
           D:5 |      14 |     253 |   5.2 |       1 |      13 |   7.1 |   758
         Sewer |       0 |     196 |   0.0 |       0 |      40 |   0.0 |   950
               +---------+---------+-------+---------+---------+-------+---------

Table legend:
 A = Turns spent in this place as a percentage of turns spent in the entire game.
 B = Non-inter-level travel turns spent in this place as a percentage of non-inter-level travel turns spent in the entire game.
 C = Inter-level travel turns spent in this place as a percentage of turns spent in this place.
 D = Turns resting spent in this place as a percentage of non-inter-level travel turns spent in this place.
 E = Turns spent auto-exploring this place as a percentage of non-inter-level travel turns spent in this place.
 F = Non-inter-level travel turns spent in this place divided by the number of levels of this place that you've seen.
                   A       B       C       D       E      F
               +-------+-------+-------+-------+-------+----------------------
         Total | 100.0 | 100.0 |   2.1 |  16.4 |  33.5 | 929.2
       Dungeon |  83.3 |  83.0 |   2.5 |  11.3 |  40.4 | 925.0
         Sewer |  16.7 |  17.0 |   0.0 |  41.2 |   0.0 | 950.0
               +-------+-------+-------+-------+-------+----------------------

Vault maps used:
D:1:      dpeg_arrival_concentric_ovals
D:2:      kennysheep_jessica_study, uniq_terence
D:3:      kennysheep_six_static_rooms, lemuel_round_altar, first_bread,
          hangedman_ru_absence
D:4:      portal_sewer_entry_e
D:5:      cheibrodos_worm_habitat, serial_bayou, serial_bayou_pond_e,
          serial_bayou_shore_b, serial_bayou_ford_a, serial_bayou_pond_c,
          serial_shops, kennysheep_little_box, nicolae_shop_stone, shop, shop,
          shop, grunt_ministairs_15, st_stairs_13, guppyfry_early_orc_mine,
          uniq_crazy_yiuf_cottage
Sewer:    sewer_sea
